 Dungeon Crawl Stone Soup version 0.31-a0-1074-g0b22e4e0f1 (webtiles) character file.

Game seed: 16229007178754210577

2481 croobank the Changeling (level 9, -14/61 HPs)
             Began as an Octopode Shapeshifter on Dec 8, 2023.
             Was a Priest of Makhleb.
             Demolished by a skeletal warrior
             ... wielding a +0 flail
              (23 damage)
             ... on level 8 of the Dungeon.
             The game lasted 00:17:32 (7234 turns).

croobank the Changeling (Octopode Shapeshifter)     Turns: 7234, Time: 00:17:32

Health: -14/61     AC:  1    Str: 14    XL:     9   Next: 51%
Magic:  12/12      EV: 19    Int: 16    God:    Makhleb [***...]
Gold:   306        SH:  0    Dex: 11    Spells: 5/12 levels left

rFire   . .          .
                       - Unarmed
rCold   . . .        (no shield)
rNeg    + . .        (helmet currently unavailable)
rPois   .            d - amulet of magic regeneration
rElec   .            f - +5 ring of evasion
rCorr   .            g - ring of flight
SInv    +            (no ring)
Will    .....        u - ring of positive energy
Stlth   ++           B - ring of see invisible
HPRegen 0.30/turn    (no ring)
MPRegen 0.53/turn    (no ring)
                     (no ring)

%: no passive effects
@: mighty, beast-form, flying
A: beast (slay +3), almost no armour, amphibious, 8 rings, camouflage 1,
gelatinous body 1, (nimble swimmer 1), tentacles
a: Begin Untransformation, Renounce Religion, Minor Destruction, Lesser Servant
of Makhleb


You were on level 8 of the Dungeon.
You worshipped Makhleb.
Makhleb was most pleased with you.
You were a hulking beast.
You visited 1 branch of the dungeon, and saw 8 of its levels.

You collected 306 gold pieces.

Inventory:

Hand Weapons
 h - a +2 dagger of speed
 i - a +0 broad axe
 j - a +0 trident
 p - a +0 rapier of venom
 v - a +0 orcbow
 y - a +5 hand axe of venom
 A - a +5 long sword
 D - a +2 dagger of venom
Missiles
 E - a curare-tipped dart
Jewellery
 d - an amulet of magic regeneration (around mantle)
 f - a +5 ring of evasion (left tentacle)
 g - a ring of flight (right tentacle)
 l - a ring of fire
 u - a ring of positive energy (on tentacle)
 B - a ring of see invisible (on tentacle)
Talismans
 b - a beast talisman
 c - a flux talisman
Wands
 e - a wand of flame (11)
 q - a wand of roots (1)
Scrolls
 s - a scroll of poison
 t - 8 scrolls of teleportation
 F - a scroll of noise {unknown}
Potions
 a - a potion of lignification
 k - a potion of haste
 m - a potion of might
 n - 3 potions of curing
 o - a potion of brilliance
 r - a potion of resistance {unknown}
 w - a potion of heal wounds
 x - a potion of magic {unknown}
 z - a potion of cancellation {unknown}


   Skills:
 + Level 5.0 Fighting
 + Level 5.3 Dodging
 + Level 5.7 Unarmed Combat
 + Level 2.4 Spellcasting
 * Level 0.4 Conjurations
 + Level 2.8 Ice Magic
 + Level 4.7 Invocations
 + Level 6.6 Shapeshifting


You had 5 spell levels left.
You knew the following spells:

 Your Spells              Type           Power      Damage    Failure   Level
a - Blink                 Tloc           2%         N/A       30%         2
b - Freezing Cloud        Conj/Ice/Air   2%         6-21      98%         5

Your spell library contained the following spells:

 Spells                   Type           Power      Damage    Failure   Level
 Ensorcelled Hibernation  Hex/Ice        12%        N/A       17%         2
 Momentum Strike          Conj/Tloc      4%         3d8       26%         2
 Cigotuvi's Dreadful Rot  Necr/Pois/Air  2%         N/A       30%         2
 Jinxbite                 Hex            2%         N/A       30%         2
 Sublimation of Blood     Necr           1%         N/A       30%         2
 Ignite Poison            Fire/Tmut/Pois 1%         N/A       52%         3
 Anguish                  Hex/Necr       0%         N/A       89%         4
 Manifold Assault         Tloc           1%         N/A       89%         4
 Petrify                  Tmut/Erth      1%         N/A       89%         4
 Irradiate                Conj/Tmut      1%         3d12      99%         5
 Summon Forest            Summ/Tloc      0%         N/A       99%         5
 Dispersal                Tloc           0%         N/A       100%        6


Dungeon Overview and Level Annotations

Branches:
Dungeon (8/15)             Temple (0/1) D:6
   Lair: D:8-11

Altars:
Makhleb
Qazlal
Vehumet

Shops:
D:5 *   D:6 :


Innate Abilities, Weirdness & Mutations

You are a hulking beast.
Your limbs bulge with bestial killing power. (Slay +3)
You cannot wear most types of armour.
You are amphibious.
You can wear up to eight rings at the same time.
Your skin changes colour to match your surroundings (Stealth+).
Your rubbery body absorbs attacks. (AC +1, EV +1)
((You are camouflaged when in or above water. (Stealth+)))
You have tentacles for arms and can constrict up to eight enemies at once.


Message History

Roots grab the skeletal warrior.
The grasping roots constrict the skeletal warrior, but do no damage.
You hear a shout!
The skeletal warrior barely misses you.
You feel very mighty all of a sudden.
The grasping roots constrict the skeletal warrior.
The skeletal warrior hits you with a +0 flail!
You bludgeon the skeletal warrior! You squeeze the skeletal warrior.
The skeletal warrior is moderately damaged.
The grasping roots constrict the skeletal warrior, but do no damage.
The roots release their grip on the skeletal warrior.
The skeletal warrior barely misses you.
You tentacle-slap the skeletal warrior but do no damage.
You grab the skeletal warrior.
The skeletal warrior is moderately damaged.
You constrict the skeletal warrior.
The skeletal warrior hits you with a +0 flail!
You bludgeon the skeletal warrior!
You squeeze the skeletal warrior, but do no damage.
The skeletal warrior is heavily damaged.
You constrict the skeletal warrior.
The skeletal warrior hits you with a +0 flail!!
* * * LOW HITPOINT WARNING * * *
You tentacle-slap the skeletal warrior but do no damage.
The skeletal warrior is heavily damaged.
You constrict the skeletal warrior, but do no damage.
You bludgeon the skeletal warrior! You tentacle-slap the skeletal warrior.
You squeeze the skeletal warrior!
The skeletal warrior is severely damaged.
You constrict the skeletal warrior.
The skeletal warrior hits you with a +0 flail.
* * * LOW HITPOINT WARNING * * *
Aiming: Throw Flame
Press: ? - help, Shift-Dir - straight line, f - skeletal warrior
Aim: a skeletal warrior, wielding a +0 flail (severely damaged, constricted by you, 100% to hit)
The puff of flame hits the skeletal warrior.
The skeletal warrior is almost destroyed.
You constrict the skeletal warrior, but do no damage.
The skeletal warrior hits you with a +0 flail!!
You die...

... ##
..
#.###..
#.....
#....#
#.[..
#..z##
#..h.#
#...##.#
#..# ..
#.# ...
#. #.. #
#


You could see a skeletal warrior.

Vanquished Creatures
  Eustachio (D:4)
  2 water moccasins
  An ice beast (D:7)
  An ogre (D:6)
  2 centaurs
  A phantom (D:4)
  2 kobold brigands
  2 bullfrogs (D:7)
  5 scorpions
  A gnoll sergeant (D:7)
  3 wights (D:6)
  2 howler monkeys (D:7)
  A gnoll bouda (D:4)
  7 hounds
  2 sleepcaps
  Jessica (D:2)
  6 iguanas
  Ijyb (D:4)
  An orc wizard (D:6)
  Robin (D:2)
  12 gnolls
  7 adders
  2 shadow imps
  3 white imps
  2 ufetubi (D:7)
  2 worms
  4 dart slugs
  11 orcs
  8 ball pythons
  6 endoplasms
  4 giant cockroaches
  8 hobgoblins
  3 jackals (D:5)
  4 quokkas
  4 bats
  4 frilled lizards
  15 goblins
  10 kobolds
  5 rats
157 creatures vanquished.

Notes
Turn   | Place    | Note
-------+----------+-------------------------------------------
     0 | D:1      | croobank the Octopode Shapeshifter began the quest for the
                  | Orb.
     0 | D:1      | Reached XP level 1. HP: 13/13 MP: 1/1
   299 | D:1      | Reached XP level 2. HP: 16/18 MP: 2/2
  1080 | D:2      | Reached XP level 3. HP: 19/23 MP: 3/3
  1113 | D:2      | Identified the +5 whip "Dudeunlu" {flame, rPois}
  1239 | D:2      | Noticed Robin
  1251 | D:2      | HP: 1/23 [goblin/+0 club[Robin] (7)]
  1270 | D:2      | Killed Robin
  1278 | D:2      | Reached XP level 4. HP: 8/29 MP: 4/4
  1409 | D:2      | Noticed Jessica
  1416 | D:2      | Killed Jessica
  1749 | D:2      | Found a faded altar of an unknown god.
  1850 | D:2      | Prayed at the altar of an unknown god.
  1850 | D:2      | Became a worshipper of Makhleb the Destroyer
  1850 | D:2      | Reached * piety under Makhleb
  2172 | D:3      | Reached skill level 4 in Shapeshifting
  2238 | D:3      | Reached XP level 5. HP: 34/34 MP: 5/5
  2865 | D:4      | Noticed a phantom
  2871 | D:4      | Killed a phantom
  2880 | D:4      | Reached skill level 1 in Invocations
  2884 | D:4      | Reached XP level 6. HP: 32/41 MP: 6/6
  3159 | D:4      | Noticed Eustachio
  3189 | D:4      | Killed Eustachio
  3190 | D:4      | Reached XP level 7. HP: 46/46 MP: 8/8
  3224 | D:4      | Noticed Ijyb
  3227 | D:4      | Reached skill level 5 in Shapeshifting
  3235 | D:4      | Killed Ijyb
  3235 | D:4      | Reached ** piety under Makhleb
  3619 | D:4      | Got the Grimoire of Locality
  3623 | D:4      | Learned a level 2 spell: Blink
  3836 | D:5      | Entered Level 5 of the Dungeon
  4082 | D:5      | Reached XP level 8. HP: 53/53 MP: 10/10
  4195 | D:5      | Found a radiant altar of Vehumet.
  4471 | D:5      | Found Zyfip's General Store.
  4604 | D:5      | Reached skill level 6 in Shapeshifting
  4727 | D:5      | Learned a level 5 spell: Freezing Cloud
  4918 | D:6      | Found Riykh's Vocational Training.
  5236 | D:6      | Found a staircase to the Ecumenical Temple.
  5248 | D:6      | Reached *** piety under Makhleb
  5344 | D:6      | Reached skill level 5 in Unarmed Combat
  5344 | D:6      | Reached skill level 1 in Ice Magic
  5415 | D:6      | Reached skill level 1 in Spellcasting
  5930 | D:6      | Reached XP level 9. HP: 42/59 MP: 12/12
  6111 | D:7      | Reached skill level 5 in Dodging
  6270 | D:7      | Found a stormy altar of Qazlal.
  6939 | D:7      | Reached skill level 5 in Fighting
  7137 | D:7      | Noticed a skeletal warrior
  7214 | D:7      | Noticed a skeletal warrior
  7234 | D:8      | Demolished by a skeletal warrior

Illustrated notes

Levels and vault maps discovered:
D:1:      ncdulo_halloftheorcs, layout_loops_corners, solitary_fountain
D:2:      layout_basic, shapermc_ecumenical_altar_petra, chequers_mini_garden,
          kennysheep_doodads, uniq_jessica, uniq_robin
D:3:      layout_basic
D:4:      layout_loops_ring, serial_bayou_crossing, uniq_eustachio, uniq_ijyb
D:5:      layout_rooms, vehumet_crystals, serial_shops, shop, serial_aquarium,
          aquarium_bridge_square [aquarium_subvault_wall,
          aquarium_subvault_bridge, aquarium_subvault_balcony,
          aquarium_subvault_balcony], aquarium_window_1, aquarium_window_2,
          aquarium_window_3, aquarium_window_fake, aquarium_view_2b,
          aquarium_view_2f, aquarium_pool_1
D:6:      layout_loops_cross, minmay_temple_entry_mist, serial_rivers,
          chequers_serial_rivers_micro_e, chequers_serial_rivers_large_b,
          chequers_serial_rivers_micro_a, chequers_serial_rivers_large_a,
          chequers_serial_rivers_room_a, nicolae_shop_vocational
D:7:      minmay_general_purpose_star, layout_loops_ring,
          nicolae_qazlal_general_emergency, minmay_misc_feat_room
D:8:      layout_layer_cave, erik_lair_dragon, uniq_maurice

Skill      XL: |  1  2  3  4  5  6  7  8  9 |
---------------+----------------------------+-----
Fighting       | 2 3 4 5 |  5.0
Shapeshifting  | 4 5 6 |  6.6
Dodging        | 3 4 5 |  5.3
Invocations    | 1 2 4 |  4.7
Unarmed Combat | 4 5 |  5.7
Ice Magic      | 1 2 |  2.8
Spellcasting   | 1 2 |  2.4
Conjurations   | |  0.4

Action                     |  1- 3 |  4- 6 |  7- 9 || total
---------------------------+-------+-------+-------++-------
  Melee: Unarmed           |    53 |    86 |   219 ||   358
         Tentacles         |    10 |    22 |    61 ||    93
         Constrict         |    13 |    20 |    56 ||    89
         Punch             |     3 |     3 |    12 ||    18
  Evoke: Wand              |       |     2 |    13 ||    15
    Use: Scroll            |     3 |     1 |     9 ||    13
         Potion            |     3 |     2 |     2 ||     7
   Stab: Sleeping          |     2 |     7 |     4 ||    13
         Distracted        |       |       |     1 ||     1
 Armour: Skin              |    36 |    25 |    86 ||   147
  Dodge: Dodged            |    36 |    67 |   176 ||   279

Table legend: (Time is in decaauts)
 A = Elapsed time spent in this place.
 B = Non-inter-level travel time spent in this place.
 C = Inter-level travel time spent in this place.
 D = Time resting spent in this place.
 E = Time spent auto-exploring this place.
 F = Levels seen in this place.
 G = Mean time per level.
                   A        B        C        D        E       F      G
               +--------+--------+--------+--------+--------+-----+--------+
         Total |   7210 |   6936 |    274 |   1696 |   4104 |   8 |  901.2 |
       Dungeon |   7210 |   6936 |    274 |   1696 |   4104 |   8 |  901.2 |
               +--------+--------+--------+--------+--------+-----+--------+

Top non-repeatable levels by time:
     D:6: 1648 daAuts
     D:4: 1060 daAuts
     D:2: 1010 daAuts
     D:1: 954 daAuts
     D:3: 903 daAuts
     D:5: 900 daAuts
     D:7: 725 daAuts
     D:8: 7 daAuts
